 Dungeon Crawl Stone Soup version 0.20-a0-556-g892c87b (webtiles) character file.

138 polly the Sneak (level 5, -1/26 HPs)
             Began as a Spriggan Assassin on Feb 5, 2017.
             Killed from afar by Tyranazar's ghost (8 damage)
             ... with a magic dart
             ... on level 3 of the Dungeon.
             The game lasted 00:04:46 (2885 turns).

polly the Sneak (Spriggan Assassin)                 Turns: 2885, Time: 00:04:46

Health: -1/26      AC:  3    Str: 13    XL:     5   Next: 1%
Magic:  6/6        EV: 18    Int: 13    God:
Gold:   172        SH:  0    Dex: 18    Spells: 4/4 levels left

rFire    . . .     SeeInvis +   o - +1 dagger (vamp)
rCold    . . .     Gourm    .   c - +0 robe
rNeg     . . .     Faith    .   (shield restricted)
rPois    .         Spirit   .   (helmet restricted)
rElec    .         Reflect  .   d - +0 cloak
rCorr    .         Harm     .   (gloves unavailable)
MR       .....                  (boots unavailable)
Stlth    ++++......             (no amulet)
Regen    0.1/turn               (no ring)
                                k - +6 ring of strength

@: very quick
A: unfitting armour, see invisible, herbivore 3, speed 3, slow metabolism 2
a: no special abilities


You were on level 3 of the Dungeon.
You were very hungry.

You visited 1 branch of the dungeon, and saw 3 of its levels.

You collected 172 gold pieces.

Inventory:

Hand Weapons
 b - a +0 blowgun
 o - a +1 vampiric dagger (weapon)
Missiles
 e - 24 poisoned needles
 f - 2 curare-tipped needles
Armour
 c - a +0 robe (worn)
 d - a +0 cloak (worn)
Jewellery
 k - a +6 ring of strength (left hand)
Scrolls
 a - a scroll of enchant weapon {unknown}
 h - 3 scrolls of identify {unknown}
 i - 2 scrolls of enchant armour {unknown}
 n - a scroll of teleportation
 t - a scroll of remove curse
 u - a scroll of random uselessness {unknown}
Potions
 j - a potion of curing {unknown}
 l - 2 potions of flight
 m - a potion of might {unknown}
 s - a potion of cure mutation {unknown}
Comestibles
 g - 2 bread rations
 p - 6 fruits
 q - a royal jelly


   Skills:
 + Level 2.0 Fighting
 + Level 3.5 Short Blades
 + Level 2.1 Throwing
 * Level 3.0 Dodging
 + Level 7.7 Stealth


You had 4 spell levels left.
You didn't know any spells.

Dungeon Overview and Level Annotations

Branches:
Dungeon (3/15)

Altars:
Gozag
Uskayaw
The Shining One

Annotations:
D:3 1 runed door, Tyranazar's ghost, weakling DrCj


Innate Abilities, Weirdness & Mutations

You are very small and have problems with some larger weapons.
You are too small for most types of armour.
You have supernaturally acute eyesight. (SInv)
You are a herbivore.
You cover ground extremely quickly.
You need consume almost no food.


Message History

No target in view!
No target in view!
No target in view!
No target in view!
No target in view!
No target in view!
No target in view!
Tyranazar's ghost is too close now for your liking.
Tyranazar's ghost is nearby!
Items here: ))) [ a dagger x2; a ring mail; a hand axe of freezing Tyranazar's ghost casts a spell at you.
The magic dart hits you!
Tyranazar's ghost gestures at you while chanting.
The magic dart hits you!
* * * LOW HITPOINT WARNING * * *
Tyranazar's ghost wails, "You must not succeed where I failed!"
Tyranazar's ghost casts a spell at you. The magic dart hits you!
You die...

#.........# ##))#)...
####.###..# ###)#).. #.# #..#
###### #.# #[.# #.# #..######
### #.###.......# #.#
#...........# #.#
#.###.......# #.#
#.##.@....### #.#
#.##.##...#######.#
####.......#.##...##.# ####
#.......##...........#
%..######.##.##.####.##W..####
.#.....[#.##.........###)##
...####.#.#####......# #.##
##### ..##
#.#.#########.####..###....
###
#.#..)..#8..#........##.###


You could see Tyranazar's ghost.

Vanquished Creatures
  A howler monkey (D:3)
  An adder (D:3)
  2 oozes
  2 dart slugs
  4 leopard geckos
  5 orcs (D:3)
  6 bats
  3 giant cockroaches
  7 goblins
  9 hobgoblins
  3 jackals (D:3)
  4 quokkas
  A ball python (D:1)
  3 frilled lizards
  8 kobolds
  8 rats
67 creatures vanquished.

Notes
Turn   | Place    | Note
-------+----------+-------------------------------------------
     0 | D:1      | polly the Spriggan Assassin began the quest for the Orb.
     0 | D:1      | Reached XP level 1. HP: 10/10 MP: 2/2
    36 | D:1      | Reached skill level 6 in Stealth
   146 | D:1      | Reached XP level 2. HP: 15/15 MP: 3/3
   853 | D:1      | Reached XP level 3. HP: 18/18 MP: 4/4
  1077 | D:2      | Found a hide-covered altar of Uskayaw.
  1259 | D:2      | Found a glowing golden altar of the Shining One.
  1419 | D:2      | Reached skill level 7 in Stealth
  1684 | D:3      | Reached XP level 4. HP: 23/23 MP: 5/5
  2054 | D:3      | Found an opulent altar of Gozag.
  2303 | D:3      | Noticed Tyranazar's ghost (weakling DrCj)
  2704 | D:3      | Found a runed door.
  2847 | D:3      | Reached XP level 5. HP: 25/26 MP: 6/6
  2885 | D:3      | Killed from afar by Tyranazar's ghost

Vault maps used:
D:1:      minmay_arrival_four_loops
D:2:      tso_oasis_becter, eat_drink_and_be_merry_uskayaw
D:3:      grunt_gozag_breadcrumbs, first_bread, uniq_crazy_yiuf_cottage

Skill      XL: |  1  2  3  4 |
---------------+-------------+-----
Stealth        | 6 7 |  7.7
Dodging        | 2 3 |  3.0
Short Blades   | 3 |  3.5
Fighting       | 2 |  2.0
Throwing       | |  2.1

Action                   |  1- 3 |  4- 6 || total
-------------------------+-------+-------++-------
Melee: Dagger            |   133 |   119 ||   252
  Use: Potion            |     1 |       ||     1
       Scroll            |     3 |     2 ||     5
 Stab: Sleeping          |    13 |     7 ||    20
  Eat: Fruit             |     2 |     1 ||     3
Armor: Robe              |    24 |    11 ||    35
Dodge: Dodged            |   107 |   117 ||   224
